 Dungeon Crawl Stone Soup version 0.30-b1-2-g02819fbbbe (webtiles) character file.

Game seed: 13480108082651194434

43004 LLlMATKO the Severer (level 13, -8/183 HPs)
             Began as a Minotaur Berserker on Oct 2, 2023.
             Was a High Priest of Trog.
             Killed by divine providence
             ... invoked by a meliai
              (14 damage)
             ... on level 4 of the Lair of Beasts.
             The game lasted 00:19:50 (16852 turns).

LLlMATKO the Severer (Minotaur Berserker)          Turns: 16852, Time: 00:19:51

Health: -8/183     AC: 19    Str: 26    XL:     13   Next: 88%
Magic:  12/12      EV: 15    Int:  4    God:    Trog [*****.]
Gold:   1173       SH:  0    Dex: 11    Spells: 12/12 levels left

rFire   x . .        w - +0 broad axe (heavy)
rCold   . . .        (no shield)
rNeg    . . .        l - +5 ring mail "Toowapi" {rPois rF- Will++ Stlth+}
rPois   +            (helmet restricted)
rElec   .            W - +2 cloak
rCorr   +            j - +0 pair of gloves
SInv    .            u - +0 pair of boots
Will    +++++        J - amulet of regeneration Stlth
                     B - ring of resist corrosion
HPRegen 2.30/turn    v - ring of willpower
MPRegen 0.13/turn

%: no passive effects
@: berserking, strong-willed, regenerating, studying Axes, very quick
A: horns 2, retaliatory headbutt
a: Renounce Religion, Berserk, Trog's Hand, Brothers in Arms


You were on level 4 of the Lair of Beasts.
You worshipped Trog.
Trog was extremely pleased with you.
You visited 3 branches of the dungeon, and saw 18 of its levels.

You collected 1381 gold pieces.
You spent 208 gold pieces at shops.

Inventory:

Hand Weapons
 m - a +4 hand axe of freezing
 q - a +6 hand crossbow
 w - a +0 heavy broad axe (weapon)
 S - a +2 war axe of flaming
 Z - the +27 heavy crossbow "Sniper" {heavy, Acc+∞ SInv}
   (You found it on level 1 of the Lair of Beasts)

   Acc+∞: It never misses its target.
   SInv:      It lets you see invisible.
Missiles
 r - 16 throwing nets
 x - 44 poisoned darts (quivered)
 C - 5 curare-tipped darts
Armour
 j - a +0 pair of gloves (worn)
 l - the +5 ring mail "Toowapi" (worn) {rPois rF- Will++ Stlth+}
   (You found it on level 3 of the Lair of Beasts)

   rF:        It makes you vulnerable to fire.
   rPois:     It protects you from poison.
   Will:      It greatly increases your willpower.
   Stlth:     It makes you more stealthy.
 u - a +0 pair of boots (worn)
 E - the +4 chain mail of Peek-a-Boo {Dex+8}
   (You found it on level 7 of the Dungeon)

   Dex:       It affects your dexterity (+8).
 U - a +2 buckler
 W - a +2 cloak (worn)
Jewellery
 a - a ring of protection from cold
 h - a +6 ring of dexterity
 t - a ring of positive energy
 v - a ring of willpower (right hand)
 A - a ring of fire
 B - a ring of resist corrosion (left hand)
 J - an amulet of regeneration (around neck)
 O - a ring of fire
 Q - a ring of protection from fire
 R - a ring of willpower
 V - a ring of fire
Wands
 H - a wand of light (8)
 N - a wand of flame (49)
 X - a wand of digging (5)
Scrolls
 b - a scroll of amnesia {unknown}
 c - 14 scrolls of teleportation {unknown}
 d - 5 scrolls of enchant armour {unknown}
 e - 20 scrolls of identify {unknown}
 i - 5 scrolls of enchant weapon {unknown}
 o - 3 scrolls of immolation {unknown}
 y - 2 scrolls of magic mapping {unknown}
 I - a scroll of blinking {unknown}
 K - 4 scrolls of fog {unknown}
 L - a scroll of brand weapon
 P - 4 scrolls of poison {unknown}
 Y - 2 scrolls of acquirement
Potions
 f - 2 potions of cancellation {unknown}
 g - 10 potions of curing {unknown}
 k - 3 potions of invisibility {unknown}
 n - 4 potions of brilliance {unknown}
 p - 2 potions of mutation {unknown}
 s - a potion of berserk rage {unknown}
 z - 2 potions of resistance
 D - 2 potions of heal wounds {unknown}
 F - 2 potions of might {unknown}
 G - 5 potions of flight {unknown}
 M - 2 potions of degeneration {unknown}
 T - 2 potions of attraction {unknown}


   Skills:
 + Level 13.4 Fighting
 + Level 15.7 Axes
 + Level 8.6 Ranged Weapons
 + Level 13.1 Armour
 + Level 12.0 Dodging
 + Level 10.4 Shields


You had 12 spell levels left.
You didn't know any spells.
Your spell library was empty.

Dungeon Overview and Level Annotations

Branches:
Dungeon (13/15)            Temple (0/1) D:7            Lair (4/5) D:10
 Shoals (0/4) Lair:3        Snake (0/4) Lair:3          Orc (1/2) D:10
  Slime: Lair:4-5    Vaults: D:13-14

Altars:
Ashenzari
Cheibriados
Dithmenos
Elyvilon
Fedhas
Hepliaklqana
Makhleb
Okawaru
Ru
Uskayaw
Vehumet
Yredelemnul
Zin
The Shining One

Shops:
D:7 *(:   D:9 (   D:11 *   D:12 =

Annotations:
D:6 2 transporters
Lair:4 1 runed translucent door


Innate Abilities, Weirdness & Mutations

You have a pair of horns on your head.
You reflexively headbutt those who attack you in melee.


Message History

The meliai stings you but does no damage.
You hear an angry hiss.
Unknown command.
You cut the meliai into ribbons!!!
You kill the meliai!
Trog accepts your kill.
A killer bee comes into view.
The meliai invokes the aid of its god against you.
Something smites you!
* * * LOW HITPOINT WARNING * * *
The killer bee completely misses you.
You hear an angry buzzing noise.
You cut the killer bee into ribbons!!!
You feel the power of Trog in you as your rage grows.
You kill the killer bee!
Trog accepts your kill.
The killer bee rages.
Unknown command.
You slice the cane toad like a ripe choko!!!
Your headbutt misses the cane toad.
The cane toad is almost dead.
The killer bee rages.
The cane toad closely misses you.
Unknown command.
You barely miss the cane toad. You headbutt the cane toad.
You feel the power of Trog in you as your rage grows.
You kill the cane toad!
Trog accepts your kill.
A killer bee comes into view.
The meliai invokes the aid of its god against you.
Something smites you!
* * * LOW HITPOINT WARNING * * *
The meliai hits you but does no damage. The meliai closely misses you.
You barely miss the meliai.
The meliai invokes the aid of its god against you.
Something smites you!
* * * LOW HITPOINT WARNING * * *
The meliai mumbles some strange prayers to its god against you.
Something smites you!
You die...

..#.#....#.###.#.............##
##.#.#..#.###.#..............P#
........#.##.#.#.............##
#........#..#.#..#...........#
###.....#.##.#..###..........#
##............# #..........###
##...........###............#
###........###............##
##.......#@#...........##
##..ykDly###.......>..#
##..ylyk.##..........###
#...yyy##.............#
#†##..y###......P...###
#y....##..## #.#.#...P.##
....###.###.# ########### .#
... #.. ... ##.#


You could see 2 komodo dragons, a queen bee, 2 rime drakes, a steam dragon, 2
meliai and 5 killer bees.

Vanquished Creatures
  Kirke (D:13)
  A hydra (Lair:4)
  2 centaur warriors (D:13)
  3 boulder beetles
  Erica (D:9)
  3 two-headed ogres
  7 death yaks
  3 deep elf pyromancers (D:12)
  An orc knight (D:13)
  An ugly thing (D:13)
  6 elephants
  2 manticores
  A cyclops (D:13)
  A torpor snail (Lair:1)
  A gargoyle (D:10)
  3 black mambas (Lair:4)
  11 cane toads
  An unseen horror (D:12)
  Maggie (D:9)
  6 rime drakes
  2 komodo dragons
  3 kobold demonologists (D:12)
  A meliai (Lair:4)
  2 trolls
  Prince Ribbit (D:7)
  6 blink frogs (Lair:3)
  A snapping turtle (Lair:3)
  7 slime creatures (D:12)
  A vampire (D:12)
  5 wraiths
  35 yaks
  3 wyverns
  3 hogs (D:13)
  A basilisk (Lair:1)
  A steam dragon (Lair:4)
  A human (Lair:4)
  A redback simulacrum (D:13)
  5 acid dragons
  8 water moccasins
  8 orc warriors
  2 black bears (D:5)
  2 sky beasts
  2 ogres
  A wolf (Lair:4)
  7 centaurs
  A phantom (D:5)
  6 kobold brigands
  7 bullfrogs
  3 gnoll sergeants
  4 scorpions
  5 wights (D:5)
  23 killer bees (Lair:4)
  9 howler monkeys
  3 bullfrog zombies (D:5)
  3 iron imps (D:9)
  17 hounds
  A jelly (D:6)
  4 orc priests
  2 gnoll boudas
  3 sleepcaps
  4 iguanas
  A scorpion zombie (D:5)
  8 orc wizards
  2 hound zombies (D:5)
  22 gnolls
  6 adders
  A shadow imp (D:6)
  3 white imps
  3 worms
  3 dart slugs
  40 orcs
  5 ball pythons
  5 endoplasms
  5 giant cockroaches
  6 hobgoblins
  6 jackals
  30 kobolds
  2 quokkas (D:1)
  6 frilled lizards
  5 goblins
  5 rats
424 creatures vanquished.

Vanquished Creatures (others)
  An orc wizard (D:5)
  5 fungi
  6 plants
12 creatures vanquished.

Grand Total: 436 creatures vanquished

Notes
Turn   | Place    | Note
-------+----------+-------------------------------------------
     0 | D:1      | LLlMATKO the Minotaur Berserker began the quest for the
                  | Orb.
     0 | D:1      | Reached XP level 1. HP: 19/19 MP: 0/0
   134 | D:1      | Found a faded altar of an unknown god.
   353 | D:1      | Reached XP level 2. HP: 20/27 MP: 1/1
   844 | D:1      | Reached skill level 4 in Axes
  1204 | D:2      | Reached XP level 3. HP: 20/33 MP: 2/2
  2058 | D:3      | Reached XP level 4. HP: 32/41 MP: 3/3
  2123 | D:3      | Reached ** piety under Trog
  2731 | D:4      | Reached XP level 5. HP: 37/47 MP: 4/4
  2921 | D:4      | Reached skill level 5 in Fighting
  3001 | D:4      | Noticed an ogre
  3007 | D:4      | Killed an ogre
  3008 | D:4      | Reached skill level 5 in Axes
  3008 | D:4      | Reached XP level 6. HP: 56/56 MP: 5/5
  3522 | D:4      | Found a radiant altar of Vehumet.
  3592 | D:4      | Found a hazy altar of Hepliaklqana.
  3768 | D:4      | Found a hazy altar of Hepliaklqana.
  3836 | D:4      | Found a radiant altar of Vehumet.
  4506 | D:5      | Entered Level 5 of the Dungeon
  4516 | D:5      | Reached skill level 5 in Armour
  4516 | D:5      | Reached XP level 7. HP: 56/62 MP: 6/6
  4820 | D:5      | Reached skill level 6 in Axes
  4865 | D:5      | Reached skill level 5 in Dodging
  4892 | D:5      | Reached XP level 8. HP: 51/71 MP: 7/7
  5123 | D:5      | Found a blossoming altar of Fedhas.
  5235 | D:5      | Found a basalt altar of Yredelemnul.
  5244 | D:5      | Reached skill level 7 in Axes
  5971 | D:6      | Reached XP level 9. HP: 72/81 MP: 8/8
  6019 | D:6      | Found a snail-covered altar of Cheibriados.
  6069 | D:6      | Found a sacrificial altar of Ru.
  6133 | D:6      | Reached skill level 8 in Axes
  6143 | D:6      | Reached *** piety under Trog
  6157 | D:6      | Found a transporter.
  6237 | D:6      | Found a transporter.
  6694 | D:6      | Found a hide-covered altar of Uskayaw.
  6954 | D:7      | Found a shadowy altar of Dithmenos.
  7012 | D:7      | Found Nayxippe's General Store.
  7012 | D:7      | Found Napnuf's Weapon Shop.
  7014 | D:7      | Found Utragh's Book Shop.
  7077 | D:7      | Noticed Prince Ribbit
  7094 | D:7      | Killed Prince Ribbit
  7095 | D:7      | Reached skill level 1 in Shields
  7270 | D:7      | Identified the +4 chain mail of Peek-a-Boo {Dex+8}
  7329 | D:7      | Found a staircase to the Ecumenical Temple.
  7553 | D:8      | Reached skill level 9 in Axes
  7998 | D:8      | Found an iron altar of Okawaru.
  8204 | D:8      | Reached XP level 10. HP: 87/91 MP: 9/9
  8411 | D:9      | Noticed a two-headed ogre
  8411 | D:9      | Found Union's Antique Weapon Shoppe.
  8415 | D:9      | Killed a two-headed ogre
  8534 | D:9      | Reached **** piety under Trog
  8547 | D:9      | Bought a runed hand crossbow for 208 gold pieces
  8620 | D:9      | Noticed Erica
  8625 | D:9      | Killed Erica
  8672 | D:9      | Noticed Maggie
  8684 | D:9      | Reached skill level 1 in Ranged Weapons
  8684 | D:9      | Killed Maggie
  8685 | D:9      | Reached skill level 5 in Shields
  8814 | D:9      | Found a broken altar of Ashenzari.
  8855 | D:9      | Reached skill level 10 in Fighting
  8887 | D:9      | Found a burning altar of Makhleb.
  8989 | D:10     | Entered Level 10 of the Dungeon
  8989 | D:10     | Found a glowing silver altar of Zin.
  8989 | D:10     | Found a white marble altar of Elyvilon.
  8991 | D:10     | Found a glowing golden altar of the Shining One.
  9023 | D:10     | Noticed a gargoyle
  9025 | D:10     | Killed a gargoyle
  9026 | D:10     | Reached skill level 10 in Axes
  9185 | D:10     | Found a staircase to the Lair.
  9197 | D:10     | Noticed a two-headed ogre
  9204 | D:10     | Killed a two-headed ogre
  9249 | D:10     | Reached ***** piety under Trog
  9360 | D:10     | Found a staircase to the Orcish Mines.
  9391 | D:10     | Reached XP level 11. HP: 94/101 MP: 10/10
  9680 | D:10     | Reached skill level 10 in Armour
 10029 | Orc:1    | Entered Level 1 of the Orcish Mines
 10396 | D:11     | You fall into a shaft and drop 1 floor!
 10662 | D:11     | Found Veohaela's Assorted Antiques.
 10829 | D:11     | Reached skill level 11 in Axes
 11143 | D:12     | Found Okio's Jewellery Emporium.
 11200 | D:12     | Noticed a deep elf pyromancer
 11208 | D:12     | Killed a deep elf pyromancer
 11230 | D:12     | Noticed a deep elf pyromancer
 11240 | D:12     | Killed a deep elf pyromancer
 11290 | D:12     | Identified the +0 long sword "Egg" {freeze, rC+ rN++}
 11421 | D:12     | Noticed a deep elf pyromancer
 11425 | D:12     | Reached skill level 12 in Axes
 11425 | D:12     | Reached skill level 10 in Dodging
 11440 | D:12     | Reached skill level 5 in Ranged Weapons
 11442 | D:12     | Killed a deep elf pyromancer
 11843 | D:12     | Noticed a boulder beetle
 11856 | D:12     | Killed a boulder beetle
 11857 | D:12     | Reached XP level 12. HP: 106/110 MP: 11/11
 11980 | D:13     | Noticed a centaur warrior
 11987 | D:13     | Killed a centaur warrior
 12285 | D:13     | Noticed a two-headed ogre
 12291 | D:13     | Killed a two-headed ogre
 12470 | D:13     | Noticed a centaur warrior
 12476 | D:13     | Killed a centaur warrior
 12802 | D:13     | Noticed a boulder beetle
 12813 | D:13     | Killed a boulder beetle
 12814 | D:13     | Reached skill level 13 in Axes
 12866 | D:13     | Noticed Kirke
 12876 | D:13     | Killed Kirke
 13174 | Lair:1   | Entered Level 1 of the Lair of Beasts
 13193 | Lair:1   | Found the +27 heavy crossbow "Sniper" {heavy, Acc+∞ SInv}
 13328 | Lair:1   | Noticed a death yak
 13333 | Lair:1   | Killed a death yak
 14000 | Lair:2   | Reached skill level 14 in Axes
 14434 | Lair:2   | Noticed a boulder beetle
 14438 | Lair:2   | Killed a boulder beetle
 14940 | Lair:3   | Reached XP level 13. HP: 119/119 MP: 12/12
 15160 | Lair:3   | Found a staircase to the Shoals.
 15204 | Lair:3   | Received a gift from Trog
 15211 | Lair:3   | Identified the +5 ring mail "Toowapi" {rPois rF- Will++
                  | Stlth+}
 15482 | Lair:3   | Found a staircase to the Snake Pit.
 15846 | Lair:4   | Reached skill level 15 in Axes
 15903 | Lair:4   | Reached skill level 10 in Shields
 16414 | Lair:4   | Identified a scroll of acquirement
 16612 | Lair:4   | Found a runed translucent door.
 16852 | Lair:4   | HP: 6/183 [meliai/divine providence (12)]
 16852 | Lair:4   | Killed from afar by a meliai

Illustrated notes

Levels and vault maps discovered:
D:1:      zelgadis_glass_arrival_small, layout_loops_corners,
          basic_ecumenical_altar
D:2:      layout_basic, kennysheep_generic_room_10
D:3:      layout_basic
D:4:      layout_loops_corners, lemuel_tele_altar, kennysheep_mini_moat
D:5:      minmay_octagon_keep, layout_basic, nicolae_yredelemnul_corpse_copse,
          general_overflow_altar
D:6:      gammafunk_cloud_chamber, layout_basic, mainiacjoe_overflow_alcove_4,
          amcnicky_altar_gilded, nicolae_uskayaw_dance_studio
D:7:      layout_cave_pools, overflow_temple_1_default,
          minmay_temple_entry_trees, nicolae_shop_distant_corner_stores,
          minmay_misc_feat_x, uniq_prince_ribbit1
D:8:      layout_loops_cross, mainiacjoe_overflow_small_starburst
D:9:      layout_rooms, demons_altar, kennysheep_little_box, serial_shops, shop,
          uniq_maggie, uniq_erica
D:10:     layout_cave_pools, good_gods_mini_temple, lair_entry_dummy,
          david_orc_3, serial_gnoll_camp, gnoll_camp_mini_hut,
          gnoll_camp_medium_02, gnoll_camp_mini_doghouse,
          gnoll_camp_mini_doghouse
D:11:     layout_rooms, serial_shops, nicolae_stop_n_shop_2
D:12:     layout_roguey, serial_shops, shop, grunt_ministairs_1,
          minmay_tree_intersection
D:13:     layout_gridville, uniq_kirke
Lair:1:   layout_misc_corridors, beast_lair_carwin_2, grunt_megastairs_1
Lair:2:   layout_small_grid
Lair:3:   layout_cellular_growth, minmay_shoals_entry_hut, dummy_snake_entry,
          patterned_corridor, infiniplex_staircase_pool_2, lemuel_fruit_tree
Lair:4:   regret_index_bee_streams, layout_regular_city,
          pdpol_lair_cabin_in_the_woods, grunt_megastairs_3,
          infiniplex_staircase_pool
Orc:1:    layout_caves, uniq_jorgrun

Skill      XL: |  1  2  3  4  5  6  7  8  9 10 11 12 13 |
---------------+----------------------------------------+-----
Fighting       | 4 5 6 8 9 10 11 12 13 | 13.4
Axes           | 4 5 6 7 9 10 12 14 15 | 15.7
Armour         | 3 4 5 6 7 8 9 11 12 13 | 13.1
Dodging        | 3 4 5 6 8 9 10 11 12 | 12.0
Shields        | 3 5 7 9 10 | 10.4
Ranged Weapons | 2 5 7 8 |  8.6

Action                     |  1- 3 |  4- 6 |  7- 9 | 10-12 | 13-15 || total
---------------------------+-------+-------+-------+-------+-------++-------
  Melee: Hand axe          |    78 |    68 |   220 |       |       ||   366
         Headbutt          |    10 |     5 |    56 |    67 |    23 ||   161
         Punch             |     2 |       |     1 |     2 |     2 ||     7
         War axe           |       |       |    20 |   231 |    79 ||   330
         Broad axe         |       |       |       |       |    26 ||    26
   Fire: Hand crossbow     |       |       |       |   144 |       ||   144
         Heavy crossbow    |       |       |       |    19 |    49 ||    68
  Throw: Dart              |       |       |     1 |     3 |     1 ||     5
 Invoke: Berserk           |       |     2 |     2 |     5 |     2 ||    11
         Trog's Hand       |       |       |       |     1 |     1 ||     2
         Brothers in Arms  |       |       |       |       |     1 ||     1
    Use: Scroll            |       |       |       |       |     5 ||     5
 Armour: Animal skin       |     7 |       |       |       |       ||     7
         Scale mail        |     8 |     6 |       |       |       ||    14
         Chain mail        |       |    52 |   103 |   127 |    11 ||   293
         Plate armour      |       |       |    16 |       |       ||    16
         Ring mail         |       |       |       |       |    82 ||    82
  Dodge: Dodged            |    43 |    28 |   123 |   192 |   140 ||   526
  Block: Buckler           |       |       |       |    84 |       ||    84
